Map: Darkness Sanctuary LE

Players

InZaNe - Winner!

  • Race: Terran Terran
  • League: Grandmaster
  • Spawn Location: 1:00

eonblu

  • Race: Zerg Zerg
  • League: Grandmaster
  • Spawn Location: 11:00

Event: HomeStory Cup XVII

VOD

Have the link to the VOD?

Description

Time

  • Played on: June 28, 2018, 1:35 p.m.
  • Length: 6:51

All games in this series

Show
View Real Time Build Order
Export as new Build Order

InZaNe Terran - Winner!

Build Orders: Reaper Expand 

Get SALT Encoding   

  12  0:00  SCV  
  13  0:13  SCV  
  14  0:17  Supply Depot  
  14  0:25  SCV  
  15  0:38  SCV  
  15  0:40  Barracks  
  16  0:44  Refinery  
  16  0:50  SCV  
  17  1:02  SCV  
  18  1:15  SCV  
  19  1:28  Orbital Command, Reaper  
  20  1:40  Command Center  
  20  1:53  Barracks  
  20  1:55  SCV  
  21  2:01  Barracks Reactor  
  21  2:06  Supply Depot  
  21  2:10  SCV  
  22  2:17  Refinery  
  22  2:22  SCV  
  23  2:34  SCV  
  23  2:37  Marine  
  23  2:38  Marine  
  25  2:46  SCV  
  26  2:51  Barracks Tech Lab  
  26  2:58  Factory, Marine x2, SCV  
  29  3:10  Stimpack, SCV  
  31  3:16  Marine x2  
  31  3:19  Orbital Command  
  32  3:20  Marine  
  32  3:24  SCV  
  33  3:34  Marine x2  
  33  3:37  SCV  
  33  3:41  Marine  
  37  3:43  Factory Reactor  
  37  3:45  Starport  
  37  3:46  SCV  
  38  3:53  Marine  
  38  3:54  Marine  
  40  3:56  Supply Depot  
  40  3:58  SCV  
  40  4:00  SCV  
  42  4:03  Marine  
  43  4:10  SCV  
  43  4:12  SCV  
  43  4:14  Marine  
  43  4:15  Supply Depot  
  46  4:18  Marine  
  46  4:22  SCV  
  48  4:24  SCV  
  48  4:25  Marine  
  48  4:29  Medivac x2  
  54  4:34  Factory Tech Lab  
  54  4:37  Marine, SCV x2  
  57  4:40  Supply Depot  
  57  4:41  Marine  
  57  4:45  Marine  
  59  4:49  SCV x2  
  59  4:51  Engineering Bay  
  61  4:53  Engineering Bay  
  61  4:54  Marine  
  62  5:01  Siege Tank, Marine, SCV x2  
  68  5:08  Supply Depot, Marine  
  68  5:13  SCV  
  63  5:29  Marine x2  
  63  5:32  Marine  
  64  5:39  Supply Depot  
  64  5:42  Supply Depot  
  63  5:49  Supply Depot  
  63  5:53  Supply Depot  
  63  5:57  Marine x2, SCV x2  
  63  5:58  Command Center  
  63  6:00  Siege Tank  
  63  6:02  Marine  
  71  6:10  SCV x2  
  73  6:16  Marine x2  
  75  6:20  Marine  
  75  6:22  SCV x2  
  79  6:36  SCV  
  72  6:51  Supply Depot  
Show
View Real Time Build Order
Export as new Build Order

eonblu Zerg 

Build Orders: Pool First 

Get SALT Encoding   

  12  0:00  Drone  
  13  0:12  Overlord  
  13  0:18  Drone  
  14  0:30  Drone x2  
  16  0:38  Drone  
  17  0:46  Spawning Pool  
  17  0:48  Drone  
  17  1:03  Extractor  
  16  1:09  Hatchery  
  15  1:15  Drone  
  16  1:19  Drone  
  17  1:33  Zergling x4  
  17  1:34  Queen  
  17  1:38  Drone  
  22  1:49  Overlord  
  22  2:03  Metabolic Boost  
  22  2:07  Drone  
  23  2:10  Drone  
  23  2:12  Queen  
  26  2:21  Drone  
  26  2:22  Drone  
  28  2:33  Drone x2  
  30  2:44  Hatchery  
  28  2:53  Queen  
  28  2:57  Zergling x4  
  32  3:00  Zergling x2  
  32  3:03  Overlord  
  33  3:08  Drone  
  33  3:11  Drone  
  35  3:15  Drone  
  36  3:28  Extractor  
  36  3:29  Drone  
  36  3:30  Drone  
  36  3:32  Drone  
  36  3:33  Drone x2  
  41  3:34  Drone x2  
  41  3:42  Baneling Nest  
  41  3:45  Zergling x2  
  41  3:46  Zergling x4  
  41  3:54  Overlord  
  41  3:58  Zergling x2  
  41  3:59  Zergling x8  
  46  4:06  Zergling x2  
  47  4:12  Zergling x4  
  47  4:13  Zergling x4  
  51  4:17  Zergling x2  
  52  4:25  Zergling x12  
  58  4:31  Baneling x4  
  58  4:32  Baneling  
  58  4:34  Overlord  
  58  4:37  Baneling x2  
  58  4:48  Overlord  
  58  4:52  Zergling x4  
  60  4:53  Zergling x10  
  65  5:03  Overlord  
  65  5:06  Queen x3  
  71  5:10  Zergling x2  
  71  5:11  Zergling x4  
  69  5:23  Drone x7  
  69  5:28  Drone x2  
  78  5:29  Drone  
  78  5:32  Drone  
  80  5:38  Drone x2  
  81  5:50  Baneling x7  
  81  5:53  Zergling x2  
  81  5:57  Overlord x2  
  81  5:59  Extractor  
  81  6:00  Extractor  
  79  6:12  Drone x2  
  79  6:14  Drone  
  79  6:16  Drone  
  79  6:17  Zergling x24  
Tags
 
Add a new tag
Caveats
  • Supply blocks, unpowered buildings, or Contaminate may cause inaccurate times.
  • Supply counts are checked every 10 seconds.